Diables vs Sewer Rats
Created - November 24, 2017 at 22:04
Goals
|
| Diables |
3 |
3 |
1 |
7 |
| Sewer Rats |
2 |
2 |
1 |
5 |
|
Shots
|
| Diables |
14 |
11 |
5 |
30 |
| Sewer Rats |
11 |
13 |
17 |
41 |
|
1st period
1. Diables , Pierre-Cédric Labrie 2 (Brian Dumoulin 5, Stefan Matteau 3) at 3:27
2. Diables , Jordan Szwarz 8 (Tyler Bozak 20, Jamie Oleksiak 3) at 4:36
3. Sewer Rats , Kyle Turris 13 (Matt Lashoff 8, Mark Mancari 18) at 7:49 (PP)
4. Diables , Benn Ferriero 1 (Craig Smith 16, Alexandre Burrows 8) at 17:35
5. Sewer Rats , Mark Mancari 9 (Kyle Turris 18) at 17:53
Penalties :
Brandon Prust (Alm) for Roughing (Minor) at 6:53
2nd period
6. Diables , Alexandre Burrows 9 (Craig Smith 17) at 0:35 (SH)
7. Sewer Rats , Ville Leino 17 (Jarred Tinordi 2, Kyle Turris 19) at 7:32
8. Sewer Rats , Jonathan Huberdeau 5 (Martin Frk 4, Vincent Trocheck 7) at 9:39
9. Diables , Alexandre Burrows 10 (Benn Ferriero 8) at 10:10
10. Diables , Daniel Zaar 3 (Pierre-Cédric Labrie 2, Hampus Lindholm 21) at 14:32
Penalties :
Brandon Prust (Alm) for Hooking (Minor) at 0:09, Ville Leino (Tol) for Tripping (Minor) at 11:31, Jordan Szwarz (Alm) for Hooking (Minor) at 15:29
3rd period
11. Diables , Daniel Zaar 4 (Pierre-Cédric Labrie 3, Stefan Matteau 4) at 2:45
12. Sewer Rats , Vincent Trocheck 5 (Martin Frk 5, Jonathan Huberdeau 6) at 12:24
Penalties :
Jarred Tinordi (Tol) for Elbowing (Minor) at 0:37, Mark Mancari (Tol) for Interference (Minor) at 4:00, Stefan Matteau (Alm) for Holding (Minor) at 7:36, Benn Ferriero (Alm) for Hooking (Minor) at 12:29, Stefan Matteau (Alm) for Holding (Minor) at 0:00
Goalie Stats
Eddie Lack (Alm), 36 saves from 41 shots - (0.878), W, 1-2-3, 60:00 minutes
Marek Mazanek (Tol), 11 saves from 15 shots - (0.733), 20:35 minutes
Richard Bachman (Tol), 12 saves from 15 shots - (0.800), L, 6-4-0, 39:25 minutes
Players Stats for Diables
Player Name G A P +/- PIM S H SB GA TA FO MP PP MP PK MP
------------------------------------------------------------------------------------
Alexandre Burrows 2 1 3 1 0 4 2 0 1 0 1/1 17:42 2:41 1:47
Ben Hanowski 0 0 0 0 0 0 0 0 0 0 0/0 4:20 3:16 0:00
Benn Ferriero 1 1 2 1 2 1 1 0 0 0 0/0 14:49 0:00 1:06
Brandon Prust 0 0 0 -1 4 1 0 0 2 1 0/1 21:38 3:16 3:02
Brian Dumoulin 0 1 1 1 0 0 0 0 0 0 0/0 12:44 3:15 0:00
Craig Smith 0 2 2 2 0 5 1 3 2 0 13/21 22:42 2:41 5:25
Daniel Zaar 2 0 2 3 0 5 0 0 1 0 1/1 10:14 0:00 0:00
Hampus Lindholm 0 1 1 0 0 4 2 2 0 1 0/0 23:51 2:42 2:40
Jamie Oleksiak 0 1 1 1 0 1 1 2 0 0 0/0 15:19 0:00 2:27
Jon Merrill 0 0 0 1 0 0 1 2 0 2 0/0 24:32 3:15 6:25
Jordan Szwarz 1 0 1 -2 2 3 7 1 0 1 1/3 23:09 2:41 0:00
Mark Fraser 0 0 0 2 0 0 1 2 0 0 0/0 29:20 2:42 6:12
Pavel Valentenko 0 0 0 1 0 0 4 0 0 0 0/0 14:14 0:00 0:00
Pierre-Cédric Labrie 1 2 3 3 0 3 3 0 0 1 0/0 10:14 0:00 0:00
Stefan Matteau 0 2 2 3 4 2 2 0 1 0 4/11 11:04 0:00 0:36
Taylor Beck 0 0 0 0 0 0 0 3 0 0 0/1 9:58 0:00 3:40
Tim Schaller 0 0 0 -1 0 0 1 0 0 0 3/6 8:30 0:00 2:08
Tyler Bozak 0 1 1 -1 0 1 1 0 0 0 14/25 16:43 3:16 0:00
Players Stats for Sewer Rats
Player Name G A P +/- PIM S H SB GA TA FO MP PP MP PK MP
------------------------------------------------------------------------------------
Connor Carrick 0 0 0 -1 0 0 0 1 0 1 0/0 10:55 0:00 1:06
Daniel Carr 0 0 0 0 0 1 0 0 0 0 0/0 7:07 0:08 0:22
Dmitrij Jaskin 0 0 0 0 0 0 0 0 0 0 0/0 6:12 0:00 0:00
Jared Boll 0 0 0 -2 0 1 1 0 0 0 0/1 15:58 3:27 0:00
Jarred Tinordi 0 1 1 -3 2 2 2 1 0 0 0/0 25:41 5:47 2:10
Joel Edmundson 0 0 0 0 0 3 0 1 0 2 0/0 20:21 3:05 2:41
John Ramage 0 0 0 0 0 1 0 0 0 1 0/0 20:21 3:05 2:41
Jonathan Huberdeau 1 1 2 -1 0 4 1 1 0 0 0/0 13:07 0:08 2:18
Jonathan Marchessault 0 0 0 -2 0 4 0 0 0 0 5/6 15:58 3:27 0:00
Jonathan Racine 0 0 0 0 0 0 0 0 0 0 0/0 3:11 0:00 0:00
Kyle Turris 1 2 3 0 0 5 2 1 1 1 18/40 22:19 5:25 1:34
Mark Mancari 1 1 2 1 2 5 3 1 0 0 2/6 22:51 5:17 2:20
Martin Frk 0 2 2 -1 0 1 1 0 1 0 0/0 10:39 0:00 0:00
Matt Lashoff 0 1 1 -3 0 2 4 2 0 1 0/0 26:48 5:47 3:16
Nick Cousins 0 0 0 0 0 1 0 0 0 0 2/3 6:12 0:00 0:00
Ryan Murphy 0 0 0 0 0 1 0 0 0 0 0/0 9:40 0:00 0:00
Ville Leino 1 0 1 1 2 5 2 0 2 1 1/2 23:04 5:17 2:10
Vincent Trocheck 1 1 2 -1 0 1 2 1 2 0 4/9 13:51 0:00 2:43
Xavier Ouellet 0 0 0 0 0 0 0 0 0 0 0/0 3:11 0:00 0:00
Zach Boychuk 0 0 0 -3 0 4 3 0 0 0 1/3 16:34 3:27 0:27
3 Stars
1 - Pierre-Cédric Labrie (Alm)
2 - Alexandre Burrows (Alm)
3 - Daniel Zaar (Alm)
Power Play
Diables - 0 on 3 Attempt(s) - 0.00%
Sewer Rats - 1 on 6 Attempt(s) - 16.67%
Penalty Kill
Diables - 5 on 6 Attempt(s) - 83.33%
- Score 1 goal in Penalty Kill
Sewer Rats - 3 on 3 Attempt(s) - 100.00%
- Score 0 goal in Penalty Kill
Team Stat
Diables - Hits : 27 - Faceoff Wins : 37 - Blocked Shots : 15 - Penalty Minutes : 12
Sewer Rats - Hits : 21 - Faceoff Wins : 33 - Blocked Shots : 9 - Penalty Minutes : 6
Official
Referees : Dwyer Gord and McCauley Wes
Linesman : Mark Pare and Pierre Champoux
Game Notes
Richard Bachman enters game at 0:35 of 2nd period
Finance
Level 1 -- Attendance: 1559 (77.95%) -- Ticket Income $54,565
Level 2 -- Attendance: 767 (76.70%) -- Ticket Income $13,039
Total Attendance: 2326 (77.53%)
Total Ticket Income: $67,604
Other Income: $3,380
Total Income: $70,984
Diables
5 vs 5 Forward
Center Left Wing Right Wing Time % Phy DF OF
1 Tyler Bozak Brandon Prust Jordan Szwarz 40 1 2 2
2 Craig Smith Alexandre Burrows Benn Ferriero 30 1 2 2
3 Tim Schaller Taylor Beck Jordan Szwarz 20 1 2 2
4 Stefan Matteau Pierre-Cédric Labrie Daniel Zaar 10 1 2 2
5 vs 5 Defense
Defense Defense Time % Phy DF OF
1 Jon Merrill Hampus Lindholm 40 1 2 2
2 Pavel Valentenko Mark Fraser 30 1 2 2
3 Brian Dumoulin Jamie Oleksiak 20 1 2 2
4 Mark Fraser Hampus Lindholm 10 1 2 2
PowerPlay Forward
Center Left Wing Right Wing Time % Phy DF OF
1 Tyler Bozak Brandon Prust Ben Hanowski 60 1 2 2
2 Craig Smith Alexandre Burrows Jordan Szwarz 40 1 2 2
PowerPlay Defense
Defense Defense Time % Phy DF OF
1 Mark Fraser Hampus Lindholm 60 1 2 2
2 Brian Dumoulin Jon Merrill 40 1 2 2
Penalty Kill 4 Players Forward
Center Wing Time % Phy DF OF
1 Craig Smith Brandon Prust 60 1 2 2
2 Tim Schaller Benn Ferriero 40 1 2 2
Penalty Kill 4 Players Defense
Defense Defense Time % Phy DF OF
1 Mark Fraser Jon Merrill 60 1 2 2
2 Hampus Lindholm Jon Merrill 40 1 2 2
Penalty Kill - 3 Players Forward
Forward Time % Phy DF OF
1 Brandon Prust 60 1 2 2
2 Tim Schaller 40 1 2 2
Penalty Kill - 3 Players Defense
Defense Defense Time % Phy DF OF
1 Mark Fraser Pavel Valentenko 60 1 2 2
2 Hampus Lindholm Jon Merrill 40 1 2 2
4 vs 4 Forward
Center Wing Time % Phy DF OF
1 Tyler Bozak Alexandre Burrows 60 1 2 2
2 Craig Smith Brandon Prust 40 1 2 2
4 vs 4 Defense
Defense Defense Time % Phy DF OF
1 Mark Fraser Hampus Lindholm 60 1 2 2
2 Pavel Valentenko Jon Merrill 40 1 2 2
Last Minutes Offensive
Center Left Wing Right Wing Defense Defense
Tyler Bozak Brandon Prust Ben Hanowski Hampus Lindholm Jon Merrill
Last Minutes Defensive
Center Left Wing Right Wing Defense Defense
Craig Smith Brandon Prust Ben Hanowski Hampus Lindholm Jon Merrill
Goaltenders
Starting : Eddie Lack
Backup : Jean-Francois Berube
Extra Forwards
Normal : Benn Ferriero, Jordan Szwarz, Taylor Beck - PP : Benn Ferriero, Jordan Szwarz - PK : Taylor Beck
Extra Defensemen
Normal : Brian Dumoulin, Jamie Oleksiak, Hampus Lindholm - PP : Brian Dumoulin - PK : Jamie Oleksiak, Hampus Lindholm
Penalty Shots
Brandon Prust, Tyler Bozak, Alexandre Burrows, Ben Hanowski, Tim Schaller
Scratches
Louis Leblanc (Healthy), Gemel Smith (Healthy), Matt Lindblad (Healthy), Christian Thomas (Healthy), Kyle Chipchura (Healthy)
Borna Rendulic (Healthy), Adam Clendening (Healthy), Eric Karlsson (Healthy), Brett Ritchie (Healthy), Blake Coleman (Healthy)
Andrew O'Brien (Healthy), Keith Seabrook (Healthy), Steve Quailer (Sprained Right Knee Injury), Marc-André Bourdon (Healthy), Linus Ullmark (Healthy)
Sewer Rats
5 vs 5 Forward
Center Left Wing Right Wing Time % Phy DF OF
1 Kyle Turris Ville Leino Mark Mancari 40 1 2 2
2 Jonathan Marchessault Zach Boychuk Jared Boll 30 1 2 2
3 Vincent Trocheck Jonathan Huberdeau Martin Frk 20 1 2 2
4 Nick Cousins Daniel Carr Dmitrij Jaskin 10 1 2 2
5 vs 5 Defense
Defense Defense Time % Phy DF OF
1 Matt Lashoff Jarred Tinordi 40 1 2 2
2 Joel Edmundson John Ramage 30 1 2 2
3 Ryan Murphy Connor Carrick 20 1 2 2
4 Jonathan Racine Xavier Ouellet 10 1 2 2
PowerPlay Forward
Center Left Wing Right Wing Time % Phy DF OF
1 Kyle Turris Ville Leino Mark Mancari 60 1 2 2
2 Jonathan Marchessault Zach Boychuk Jared Boll 40 1 2 2
PowerPlay Defense
Defense Defense Time % Phy DF OF
1 Matt Lashoff Jarred Tinordi 60 1 2 2
2 Joel Edmundson John Ramage 40 1 2 2
Penalty Kill 4 Players Forward
Center Wing Time % Phy DF OF
1 Mark Mancari Ville Leino 60 1 2 2
2 Zach Boychuk Kyle Turris 40 1 2 2
Penalty Kill 4 Players Defense
Defense Defense Time % Phy DF OF
1 Matt Lashoff Jarred Tinordi 60 1 2 2
2 Joel Edmundson John Ramage 40 1 2 2
Penalty Kill - 3 Players Forward
Forward Time % Phy DF OF
1 Mark Mancari 60 1 2 2
2 Ville Leino 40 1 2 2
Penalty Kill - 3 Players Defense
Defense Defense Time % Phy DF OF
1 Matt Lashoff Jarred Tinordi 60 1 2 2
2 Joel Edmundson John Ramage 40 1 2 2
4 vs 4 Forward
Center Wing Time % Phy DF OF
1 Mark Mancari Ville Leino 60 1 2 2
2 Zach Boychuk Kyle Turris 40 1 2 2
4 vs 4 Defense
Defense Defense Time % Phy DF OF
1 Matt Lashoff Jarred Tinordi 60 1 2 2
2 Joel Edmundson John Ramage 40 1 2 2
Last Minutes Offensive
Center Left Wing Right Wing Defense Defense
Kyle Turris Ville Leino Mark Mancari Matt Lashoff Jarred Tinordi
Last Minutes Defensive
Center Left Wing Right Wing Defense Defense
Kyle Turris Ville Leino Mark Mancari Matt Lashoff Jarred Tinordi
Goaltenders
Starting : Marek Mazanek
Backup : Richard Bachman
Extra Forwards
Normal : Jonathan Huberdeau, Daniel Carr, Vincent Trocheck - PP : Jonathan Huberdeau, Daniel Carr - PK : Vincent Trocheck
Extra Defensemen
Normal : Ryan Murphy, Connor Carrick, Jonathan Racine - PP : Ryan Murphy - PK : Connor Carrick, Jonathan Racine
Penalty Shots
Mark Mancari, Ville Leino, Zach Boychuk, Kyle Turris, Jared Boll
Scratches
William Karlsson (Sprained Left Finger Injury), Mattias Ekholm (Abdominal Strain Injury), Josh Archibald (Healthy), Joseph Blandisi (Healthy), Chris Calhan (Healthy)
Tom Sestito (Healthy), Steven Kampfer (Torn Right Knee Ligaments Injury)
% Time on Ice - Diables
Lines # - Real PCT - Wanted PCT - Time Play
Normal Forward
1 - 34% - 40% - 15:11
2 - 31% - 30% - 13:47
3 - 13% - 20% - 5:59
4 - 23% - 10% - 10:14
Normal Defense
1 - 40% - 40% - 17:58
2 - 34% - 30% - 15:34
3 - 19% - 20% - 8:33
4 - 7% - 10% - 3:06
PP Forward
1 - 55% - 60% - 3:16
2 - 45% - 40% - 2:41
PP Defense
1 - 45% - 60% - 2:42
2 - 55% - 40% - 3:15
PK Forward
1 - 77% - 60% - 6:52
2 - 23% - 40% - 2:00
PK Defense
1 - 70% - 60% - 6:12
2 - 30% - 40% - 2:40
PK3 Forward
1 - 0% - 60%
2 - 0% - 40%
PK3 Defense
1 - 0% - 60%
2 - 0% - 40%
44 Forward
1 - 0% - 60%
2 - 0% - 40%
44 Defense
1 - 0% - 60%
2 - 0% - 40%
Last Minute Offensive - 0:00
Last Minute Defensive - 0:00
Total
Forward - 60:00
Defense - 60:00
|
% Time on Ice - Sewer Rats
Lines # - Real PCT - Wanted PCT - Time Play
Normal Forward
1 - 35% - 40% - 15:40
2 - 28% - 30% - 12:40
3 - 24% - 20% - 10:39
4 - 14% - 10% - 6:12
Normal Defense
1 - 39% - 40% - 17:45
2 - 32% - 30% - 14:35
3 - 21% - 20% - 9:40
4 - 7% - 10% - 3:11
PP Forward
1 - 61% - 60% - 5:25
2 - 39% - 40% - 3:27
PP Defense
1 - 65% - 60% - 5:47
2 - 35% - 40% - 3:05
PK Forward
1 - 92% - 60% - 5:30
2 - 8% - 40% - 0:27
PK Defense
1 - 55% - 60% - 3:16
2 - 45% - 40% - 2:41
PK3 Forward
1 - 0% - 60%
2 - 0% - 40%
PK3 Defense
1 - 0% - 60%
2 - 0% - 40%
44 Forward
1 - 0% - 60%
2 - 0% - 40%
44 Defense
1 - 0% - 60%
2 - 0% - 40%
Last Minute Offensive - 0:00
Last Minute Defensive - 0:00
Total
Forward - 60:00
Defense - 60:00
|
Play by Play
1st period
0:01 of 1st period - Kyle Turris wins face-off versus Tyler Bozak in neutral zone.
0:06 of 1st period - Brandon Prust is hit by Matt Lashoff and loses puck.
0:47 of 1st period - Off-side.
0:48 of 1st period - Stefan Matteau wins face-off versus Vincent Trocheck in neutral zone.
1:05 of 1st period - Off-side.
1:06 of 1st period - Kyle Turris wins face-off versus Taylor Beck in neutral zone.
1:17 of 1st period - Slapshot by Kyle Turris.
1:17 of 1st period - Shot Misses the Net.
1:35 of 1st period - Connor Carrick is hit by Jamie Oleksiak and loses puck.
2:48 of 1st period - Matt Lashoff is hit by Jordan Szwarz and loses puck.
2:53 of 1st period - Slapshot by Brandon Prust.
2:53 of 1st period - Shot Blocked by Jarred Tinordi.
3:25 of 1st period - Wrist shot by Stefan Matteau.
3:25 of 1st period - Stopped by Marek Mazanek with a rebound.
3:27 of 1st period - Wrist shot by Brian Dumoulin.
3:27 of 1st period - Deflect By Pierre-Cédric Labrie.
3:27 of 1st period - Goal by Pierre-Cédric Labrie - Diables : 1 - Sewer Rats : 0.
3:28 of 1st period - Tyler Bozak wins face-off versus Kyle Turris in neutral zone.
3:35 of 1st period - Snap shot by Brandon Prust.
3:35 of 1st period - Shot Misses the Net.
4:15 of 1st period - John Ramage is hit by Stefan Matteau and loses puck.
4:21 of 1st period - Icing by John Ramage.
4:22 of 1st period - Vincent Trocheck wins face-off versus Tyler Bozak in Sewer Rats zone.
4:22 of 1st period - Vincent Trocheck is hit by Jordan Szwarz.
4:36 of 1st period - Snap shot by Tyler Bozak.
4:36 of 1st period - Deflect By Jordan Szwarz.
4:36 of 1st period - Goal by Jordan Szwarz - Diables : 2 - Sewer Rats : 0.
4:37 of 1st period - Kyle Turris wins face-off versus Tyler Bozak in neutral zone.
5:02 of 1st period - Matt Lashoff is hit by Hampus Lindholm and loses puck.
5:11 of 1st period - Slapshot by Craig Smith.
5:11 of 1st period - Stopped by Marek Mazanek without a rebound.
5:12 of 1st period - Kyle Turris wins face-off versus Tim Schaller in Sewer Rats zone.
5:12 of 1st period - Kyle Turris is hit by Pavel Valentenko.
5:15 of 1st period - Icing by Mark Mancari.
5:16 of 1st period - Tim Schaller wins face-off versus Kyle Turris in Sewer Rats zone.
6:07 of 1st period - Wrist shot by Tyler Bozak.
6:07 of 1st period - Deflect By John Ramage.
6:07 of 1st period - Shot Misses the Net.
6:07 of 1st period - Puck is out of play.
6:08 of 1st period - Stefan Matteau wins face-off versus Kyle Turris in Sewer Rats zone.
6:09 of 1st period - Slapshot by Hampus Lindholm.
6:09 of 1st period - Stopped by Marek Mazanek without a rebound.
6:10 of 1st period - Daniel Zaar wins face-off versus Kyle Turris in Sewer Rats zone.
6:24 of 1st period - Icing by Jon Merrill.
6:25 of 1st period - Jonathan Marchessault wins face-off versus Stefan Matteau in Diables zone.
6:32 of 1st period - Snap shot by Jared Boll.
6:32 of 1st period - Stopped by Eddie Lack without a rebound.
6:33 of 1st period - Tyler Bozak wins face-off versus Jonathan Marchessault in Diables zone.
6:33 of 1st period - Tyler Bozak is hit by Zach Boychuk.
6:51 of 1st period - Wrist shot by Jonathan Marchessault.
6:51 of 1st period - Stopped by Eddie Lack with a rebound.
6:53 of 1st period - Minor Penalty to Brandon Prust for Roughing.
6:54 of 1st period - Craig Smith wins face-off versus Kyle Turris in Diables zone.
7:09 of 1st period - Icing by Ville Leino.
7:10 of 1st period - Craig Smith wins face-off versus Kyle Turris in Sewer Rats zone.
7:35 of 1st period - Snap shot by Ville Leino.
7:35 of 1st period - Shot Misses the Net.
7:37 of 1st period - Wrist shot by Kyle Turris.
7:37 of 1st period - Shot Blocked by Jon Merrill.
7:39 of 1st period - Snap shot by Kyle Turris.
7:39 of 1st period - Stopped by Eddie Lack with a rebound.
7:43 of 1st period - Snap shot by Mark Mancari.
7:43 of 1st period - Stopped by Eddie Lack with a rebound.
7:45 of 1st period - Backhand shot by Kyle Turris.
7:45 of 1st period - Shot Misses the Net.
7:47 of 1st period - Wrist shot by Matt Lashoff.
7:47 of 1st period - Stopped by Eddie Lack with a rebound.
7:49 of 1st period - Wrist shot by Kyle Turris.
7:49 of 1st period - Goal by Kyle Turris - Diables : 2 - Sewer Rats : 1.
7:50 of 1st period - Tyler Bozak wins face-off versus Vincent Trocheck in neutral zone.
7:55 of 1st period - Backhand shot by Tyler Bozak.
7:55 of 1st period - Shot Blocked by Jonathan Huberdeau.
8:05 of 1st period - Slapshot by Matt Lashoff.
8:05 of 1st period - Stopped by Eddie Lack with a rebound.
8:17 of 1st period - Benn Ferriero is hit by Matt Lashoff and loses puck.
8:40 of 1st period - Slapshot by Pierre-Cédric Labrie.
8:40 of 1st period - Stopped by Marek Mazanek without a rebound.
8:41 of 1st period - Tim Schaller wins face-off versus Mark Mancari in Sewer Rats zone.
8:44 of 1st period - Wrist shot by Jordan Szwarz.
8:44 of 1st period - Shot Blocked by Mark Mancari.
9:06 of 1st period - Jon Merrill is hit by Vincent Trocheck and loses puck.
10:36 of 1st period - Wrist shot by Zach Boychuk.
10:36 of 1st period - Stopped by Eddie Lack with a rebound.
10:42 of 1st period - Snap shot by Zach Boychuk.
10:42 of 1st period - Stopped by Eddie Lack without a rebound.
10:43 of 1st period - Craig Smith wins face-off versus Kyle Turris in Diables zone.
11:38 of 1st period - Martin Frk is hit by Pierre-Cédric Labrie and loses puck.
11:53 of 1st period - Slapshot by Craig Smith.
11:53 of 1st period - Shot Misses the Net.
12:07 of 1st period - Matt Lashoff is hit by Jordan Szwarz.
12:54 of 1st period - Martin Frk is hit by Jordan Szwarz.
13:16 of 1st period - Jonathan Marchessault is hit by Stefan Matteau and loses puck.
13:53 of 1st period - Snap shot by Taylor Beck.
13:53 of 1st period - Shot Blocked by Connor Carrick.
14:03 of 1st period - Mark Fraser is hit by Ville Leino and loses puck.
14:30 of 1st period - Snap shot by Craig Smith.
14:30 of 1st period - Stopped by Marek Mazanek with a rebound.
15:07 of 1st period - Snap shot by Ville Leino.
15:07 of 1st period - Shot Blocked by Hampus Lindholm.
15:09 of 1st period - Snap shot by Ville Leino.
15:09 of 1st period - Shot Blocked by Taylor Beck.
15:11 of 1st period - Wrist shot by Kyle Turris.
15:11 of 1st period - Deflect By Hampus Lindholm.
15:11 of 1st period - Shot Misses the Net.
15:11 of 1st period - Puck is out of play.
15:12 of 1st period - Jonathan Marchessault wins face-off versus Stefan Matteau in Diables zone.
15:23 of 1st period - Snap shot by Daniel Zaar.
15:23 of 1st period - Stopped by Marek Mazanek without a rebound.
15:24 of 1st period - Kyle Turris wins face-off versus Tyler Bozak in Sewer Rats zone.
15:55 of 1st period - Snap shot by Craig Smith.
15:55 of 1st period - Shot Misses the Net.
15:57 of 1st period - Backhand shot by Hampus Lindholm.
15:57 of 1st period - Shot Misses the Net.
15:59 of 1st period - Snap shot by Alexandre Burrows.
15:59 of 1st period - Stopped by Marek Mazanek with a rebound.
16:19 of 1st period - Wrist shot by Pierre-Cédric Labrie.
16:19 of 1st period - Shot Misses the Net.
16:34 of 1st period - Jarred Tinordi is hit by Jordan Szwarz and loses puck.
16:42 of 1st period - Icing by Matt Lashoff.
16:43 of 1st period - Craig Smith wins face-off versus Kyle Turris in Sewer Rats zone.
16:53 of 1st period - Off-side.
16:54 of 1st period - Tyler Bozak wins face-off versus Kyle Turris in neutral zone.
17:01 of 1st period - Ville Leino is hit by Jordan Szwarz and loses puck.
17:10 of 1st period - Jordan Szwarz is hit by Matt Lashoff and loses puck.
17:29 of 1st period - Slapshot by Alexandre Burrows.
17:29 of 1st period - Shot Misses the Net.
17:31 of 1st period - Snap shot by Craig Smith.
17:31 of 1st period - Stopped by Marek Mazanek with a rebound.
17:33 of 1st period - Wrist shot by Benn Ferriero.
17:33 of 1st period - Shot Misses the Net.
17:35 of 1st period - Snap shot by Benn Ferriero.
17:35 of 1st period - Goal by Benn Ferriero - Diables : 3 - Sewer Rats : 1.
17:36 of 1st period - Tyler Bozak wins face-off versus Kyle Turris in neutral zone.
17:49 of 1st period - Snap shot by Kyle Turris.
17:49 of 1st period - Stopped by Eddie Lack without a rebound.
17:50 of 1st period - Kyle Turris wins face-off versus Tyler Bozak in Diables zone.
17:53 of 1st period - Wrist shot by Mark Mancari.
17:53 of 1st period - Goal by Mark Mancari - Diables : 3 - Sewer Rats : 2.
17:54 of 1st period - Kyle Turris wins face-off versus Tyler Bozak in neutral zone.
17:56 of 1st period - Off-side.
17:57 of 1st period - Jordan Szwarz wins face-off versus Ville Leino in neutral zone.
18:02 of 1st period - Wrist shot by Hampus Lindholm.
18:02 of 1st period - Shot Misses the Net.
18:04 of 1st period - Snap shot by Hampus Lindholm.
18:04 of 1st period - Stopped by Marek Mazanek with a rebound.
18:06 of 1st period - Snap shot by Jordan Szwarz.
18:06 of 1st period - Shot Blocked by Kyle Turris.
18:08 of 1st period - Backhand shot by Tyler Bozak.
18:08 of 1st period - Shot Hit the Post.
18:10 of 1st period - Wrist shot by Jordan Szwarz.
18:10 of 1st period - Stopped by Marek Mazanek with a rebound.
18:12 of 1st period - Slapshot by Hampus Lindholm.
18:12 of 1st period - Deflect By Ville Leino.
18:12 of 1st period - Stopped by Marek Mazanek without a rebound.
18:13 of 1st period - Jonathan Marchessault wins face-off versus Craig Smith in Sewer Rats zone.
18:13 of 1st period - Jonathan Marchessault is hit by Craig Smith.
18:58 of 1st period - Off-side.
18:59 of 1st period - Vincent Trocheck wins face-off versus Stefan Matteau in neutral zone.
19:10 of 1st period - Vincent Trocheck is hit by Pierre-Cédric Labrie and loses puck.
19:31 of 1st period - Snap shot by Craig Smith.
19:31 of 1st period - Shot Misses the Net.
19:35 of 1st period - Snap shot by Craig Smith.
19:35 of 1st period - Deflect By Matt Lashoff.
19:35 of 1st period - Shot Blocked by Vincent Trocheck.
19:35 of 1st period - Puck is out of play.
19:36 of 1st period - Tyler Bozak wins face-off versus Kyle Turris in Sewer Rats zone.
Goals for this period are 3 for Diables vs 2 for Sewer Rats.
Shots for this period are 14 for Diables vs 11 for Sewer Rats.
2nd period
0:01 of 2nd period - Kyle Turris wins face-off versus Jordan Szwarz in neutral zone.
0:09 of 2nd period - Minor Penalty to Brandon Prust for Hooking.
0:10 of 2nd period - Kyle Turris wins face-off versus Craig Smith in Diables zone.
0:33 of 2nd period - Icing by Jarred Tinordi.
0:34 of 2nd period - Craig Smith wins face-off versus Kyle Turris in Sewer Rats zone.
0:35 of 2nd period - Wrist shot by Alexandre Burrows.
0:35 of 2nd period - Goal by Alexandre Burrows - Diables : 4 - Sewer Rats : 2.
0:35 of 2nd period - Richard Bachman enters game.
0:36 of 2nd period - Kyle Turris wins face-off versus Craig Smith in neutral zone.
0:59 of 2nd period - Jon Merrill is hit by Jarred Tinordi and loses puck.
1:14 of 2nd period - Wrist shot by Kyle Turris.
1:14 of 2nd period - Shot Blocked by Jon Merrill.
1:32 of 2nd period - Backhand shot by Jonathan Marchessault.
1:32 of 2nd period - Stopped by Eddie Lack without a rebound.
1:33 of 2nd period - Jonathan Marchessault wins face-off versus Stefan Matteau in Diables zone.
2:09 of 2nd period - Penalty to Brandon Prust is over, Brandon Prust is back on ice.
3:15 of 2nd period - Slapshot by Brandon Prust.
3:15 of 2nd period - Shot Misses the Net.
3:23 of 2nd period - Wrist shot by Zach Boychuk.
3:23 of 2nd period - Stopped by Eddie Lack with a rebound.
3:25 of 2nd period - Wrist shot by Jared Boll.
3:25 of 2nd period - Shot Misses the Net.
3:37 of 2nd period - Brandon Prust is hit by Jared Boll and loses puck.
4:02 of 2nd period - Snap shot by Brandon Prust.
4:02 of 2nd period - Stopped by Richard Bachman with a rebound.
4:13 of 2nd period - Wrist shot by Jonathan Marchessault.
4:13 of 2nd period - Stopped by Eddie Lack without a rebound.
4:14 of 2nd period - Kyle Turris wins face-off versus Craig Smith in Diables zone.
4:19 of 2nd period - Wrist shot by Kyle Turris.
4:19 of 2nd period - Shot Misses the Net.
4:21 of 2nd period - Slapshot by Jarred Tinordi.
4:21 of 2nd period - Stopped by Eddie Lack with a rebound.
4:23 of 2nd period - Slapshot by Kyle Turris.
4:23 of 2nd period - Stopped by Eddie Lack without a rebound.
4:24 of 2nd period - Craig Smith wins face-off versus Kyle Turris in Diables zone.
4:24 of 2nd period - Craig Smith is hit by Kyle Turris.
4:52 of 2nd period - Hampus Lindholm is hit by Mark Mancari and loses puck.
5:07 of 2nd period - Slapshot by Ville Leino.
5:07 of 2nd period - Stopped by Eddie Lack without a rebound.
5:08 of 2nd period - Stefan Matteau wins face-off versus Vincent Trocheck in Diables zone.
5:13 of 2nd period - Wrist shot by Martin Frk.
5:13 of 2nd period - Stopped by Eddie Lack with a rebound.
5:38 of 2nd period - Slapshot by Hampus Lindholm.
5:38 of 2nd period - Stopped by Richard Bachman without a rebound.
5:39 of 2nd period - Nick Cousins wins face-off versus Craig Smith in Sewer Rats zone.
5:44 of 2nd period - Jon Merrill is hit by Jarred Tinordi and loses puck.
6:08 of 2nd period - Snap shot by Mark Fraser.
6:08 of 2nd period - Shot Misses the Net.
6:10 of 2nd period - Snap shot by Pierre-Cédric Labrie.
6:10 of 2nd period - Deflect By Daniel Zaar.
6:10 of 2nd period - Stopped by Richard Bachman without a rebound.
6:11 of 2nd period - Craig Smith wins face-off versus Kyle Turris in Sewer Rats zone.
6:36 of 2nd period - Mark Fraser is hit by Martin Frk and loses puck.
6:47 of 2nd period - Snap shot by Jonathan Huberdeau.
6:47 of 2nd period - Stopped by Eddie Lack with a rebound.
6:59 of 2nd period - Daniel Carr is hit by Pavel Valentenko and loses puck.
7:20 of 2nd period - Snap shot by Ville Leino.
7:20 of 2nd period - Deflect By Craig Smith.
7:20 of 2nd period - Shot Blocked by Craig Smith.
7:20 of 2nd period - Puck is out of play.
7:21 of 2nd period - Craig Smith wins face-off versus Kyle Turris in Diables zone.
7:30 of 2nd period - Slapshot by Ville Leino.
7:30 of 2nd period - Shot Misses the Net.
7:32 of 2nd period - Slapshot by Jarred Tinordi.
7:32 of 2nd period - Deflect By Ville Leino.
7:32 of 2nd period - Goal by Ville Leino - Diables : 4 - Sewer Rats : 3.
7:33 of 2nd period - Kyle Turris wins face-off versus Tyler Bozak in neutral zone.
7:36 of 2nd period - Brian Dumoulin is hit by Ville Leino and loses puck.
7:45 of 2nd period - Wrist shot by Ville Leino.
7:45 of 2nd period - Shot Blocked by Jordan Szwarz.
7:59 of 2nd period - Jonathan Marchessault is hit by Alexandre Burrows and loses puck.
8:26 of 2nd period - Martin Frk is hit by Pavel Valentenko and loses puck.
9:01 of 2nd period - Snap shot by Ville Leino.
9:01 of 2nd period - Shot Misses the Net.
9:35 of 2nd period - Icing by Jamie Oleksiak.
9:36 of 2nd period - Vincent Trocheck wins face-off versus Tim Schaller in Diables zone.
9:39 of 2nd period - Backhand shot by Jonathan Huberdeau.
9:39 of 2nd period - Deflect By Brian Dumoulin.
9:39 of 2nd period - Goal by Jonathan Huberdeau - Diables : 4 - Sewer Rats : 4.
9:40 of 2nd period - Tyler Bozak wins face-off versus Kyle Turris in neutral zone.
9:51 of 2nd period - Snap shot by Brandon Prust.
9:51 of 2nd period - Shot Misses the Net.
10:05 of 2nd period - Jonathan Huberdeau is hit by Benn Ferriero and loses puck.
10:10 of 2nd period - Slapshot by Alexandre Burrows.
10:10 of 2nd period - Goal by Alexandre Burrows - Diables : 5 - Sewer Rats : 4.
10:11 of 2nd period - Kyle Turris wins face-off versus Tyler Bozak in neutral zone.
11:29 of 2nd period - Slapshot by Daniel Zaar.
11:29 of 2nd period - Stopped by Richard Bachman with a rebound.
11:31 of 2nd period - Minor Penalty to Ville Leino for Tripping.
11:32 of 2nd period - Mark Mancari wins face-off versus Tyler Bozak in Sewer Rats zone.
11:59 of 2nd period - Icing by Brian Dumoulin.
12:00 of 2nd period - Craig Smith wins face-off versus Mark Mancari in Diables zone.
12:07 of 2nd period - Snap shot by Alexandre Burrows.
12:07 of 2nd period - Stopped by Richard Bachman without a rebound.
12:08 of 2nd period - Tyler Bozak wins face-off versus Mark Mancari in Sewer Rats zone.
12:34 of 2nd period - Mark Mancari is hit by Mark Fraser and loses puck.
13:31 of 2nd period - Penalty to Ville Leino is over, Ville Leino is back on ice.
13:36 of 2nd period - Kyle Turris is hit by Hampus Lindholm and loses puck.
14:26 of 2nd period - Icing by Zach Boychuk.
14:27 of 2nd period - Stefan Matteau wins face-off versus Zach Boychuk in Sewer Rats zone.
14:32 of 2nd period - Snap shot by Daniel Zaar.
14:32 of 2nd period - Goal by Daniel Zaar - Diables : 6 - Sewer Rats : 4.
14:33 of 2nd period - Kyle Turris wins face-off versus Jordan Szwarz in neutral zone.
15:25 of 2nd period - Wrist shot by Jonathan Huberdeau.
15:25 of 2nd period - Stopped by Eddie Lack without a rebound.
15:26 of 2nd period - Tyler Bozak wins face-off versus Kyle Turris in Diables zone.
15:26 of 2nd period - Tyler Bozak is hit by Mark Mancari.
15:29 of 2nd period - Minor Penalty to Jordan Szwarz for Hooking.
15:30 of 2nd period - Ville Leino wins face-off versus Craig Smith in Diables zone.
15:33 of 2nd period - Wrist shot by Ville Leino.
15:33 of 2nd period - Shot Blocked by Mark Fraser.
15:35 of 2nd period - Snap shot by Mark Mancari.
15:35 of 2nd period - Stopped by Eddie Lack without a rebound.
15:36 of 2nd period - Kyle Turris wins face-off versus Craig Smith in Diables zone.
17:29 of 2nd period - Penalty to Jordan Szwarz is over, Jordan Szwarz is back on ice.
17:33 of 2nd period - Slapshot by Mark Fraser.
17:33 of 2nd period - Shot Blocked by Joel Edmundson.
18:22 of 2nd period - Slapshot by Jamie Oleksiak.
18:22 of 2nd period - Stopped by Richard Bachman with a rebound.
18:24 of 2nd period - Wrist shot by Craig Smith.
18:24 of 2nd period - Shot Misses the Net.
18:26 of 2nd period - Snap shot by Mark Fraser.
18:26 of 2nd period - Shot Hit the Post.
18:28 of 2nd period - Slapshot by Craig Smith.
18:28 of 2nd period - Stopped by Richard Bachman with a rebound.
18:30 of 2nd period - Slapshot by Jamie Oleksiak.
18:30 of 2nd period - Shot Misses the Net.
19:10 of 2nd period - Slapshot by Craig Smith.
19:10 of 2nd period - Stopped by Richard Bachman without a rebound.
19:11 of 2nd period - Mark Mancari wins face-off versus Stefan Matteau in Sewer Rats zone.
19:51 of 2nd period - Snap shot by Nick Cousins.
19:51 of 2nd period - Shot Misses the Net.
19:53 of 2nd period - Backhand shot by Daniel Carr.
19:53 of 2nd period - Stopped by Eddie Lack with a rebound.
19:55 of 2nd period - Slapshot by Daniel Carr.
19:55 of 2nd period - Shot Blocked by Taylor Beck.
19:57 of 2nd period - Slapshot by Connor Carrick.
19:57 of 2nd period - Shot Misses the Net.
19:59 of 2nd period - Snap shot by Daniel Carr.
19:59 of 2nd period - Deflect By Dmitrij Jaskin.
19:59 of 2nd period - Shot Blocked by Taylor Beck.
19:59 of 2nd period - Puck is out of play.
Goals for this period are 3 for Diables vs 2 for Sewer Rats.
Shots for this period are 11 for Diables vs 13 for Sewer Rats.
3rd period
0:01 of 3rd period - Kyle Turris wins face-off versus Tim Schaller in neutral zone.
0:04 of 3rd period - Slapshot by Jarred Tinordi.
0:04 of 3rd period - Shot Blocked by Mark Fraser.
0:10 of 3rd period - Matt Lashoff is hit by Tim Schaller and loses puck.
0:37 of 3rd period - Minor Penalty to Jarred Tinordi for Elbowing.
0:38 of 3rd period - Tyler Bozak wins face-off versus Mark Mancari in Sewer Rats zone.
2:13 of 3rd period - Icing by Brandon Prust.
2:14 of 3rd period - Tyler Bozak wins face-off versus Vincent Trocheck in Diables zone.
2:37 of 3rd period - Penalty to Jarred Tinordi is over, Jarred Tinordi is back on ice.
2:41 of 3rd period - Wrist shot by Craig Smith.
2:41 of 3rd period - Shot Misses the Net.
2:43 of 3rd period - Wrist shot by Stefan Matteau.
2:43 of 3rd period - Stopped by Richard Bachman with a rebound.
2:45 of 3rd period - Slapshot by Pierre-Cédric Labrie.
2:45 of 3rd period - Deflect By Daniel Zaar.
2:45 of 3rd period - Goal by Daniel Zaar - Diables : 7 - Sewer Rats : 4.
2:46 of 3rd period - Tyler Bozak wins face-off versus Kyle Turris in neutral zone.
3:11 of 3rd period - Alexandre Burrows is hit by Zach Boychuk and loses puck.
4:00 of 3rd period - Minor Penalty to Mark Mancari for Interference.
4:01 of 3rd period - Vincent Trocheck wins face-off versus Tyler Bozak in Sewer Rats zone.
4:13 of 3rd period - Wrist shot by Brandon Prust.
4:13 of 3rd period - Shot Blocked by Matt Lashoff.
4:17 of 3rd period - Slapshot by Tyler Bozak.
4:17 of 3rd period - Stopped by Richard Bachman with a rebound.
4:55 of 3rd period - Off-side.
4:56 of 3rd period - Craig Smith wins face-off versus Vincent Trocheck in neutral zone.
6:00 of 3rd period - Penalty to Mark Mancari is over, Mark Mancari is back on ice.
6:38 of 3rd period - Wrist shot by Jonathan Marchessault.
6:38 of 3rd period - Shot Blocked by Jamie Oleksiak.
6:40 of 3rd period - Snap shot by Ryan Murphy.
6:40 of 3rd period - Deflect By Jamie Oleksiak.
6:40 of 3rd period - Stopped by Eddie Lack without a rebound.
6:41 of 3rd period - Craig Smith wins face-off versus Zach Boychuk in Diables zone.
7:14 of 3rd period - Wrist shot by Jordan Szwarz.
7:14 of 3rd period - Shot Blocked by Matt Lashoff.
7:36 of 3rd period - Minor Penalty to Stefan Matteau for Holding.
7:37 of 3rd period - Craig Smith wins face-off versus Kyle Turris in Diables zone.
7:37 of 3rd period - Craig Smith is hit by Mark Mancari.
7:47 of 3rd period - Mark Fraser is hit by Kyle Turris and loses puck.
8:41 of 3rd period - Slapshot by Jon Merrill.
8:41 of 3rd period - Shot Misses the Net.
9:36 of 3rd period - Penalty to Stefan Matteau is over, Stefan Matteau is back on ice.
9:49 of 3rd period - Pierre-Cédric Labrie is hit by Jonathan Huberdeau and loses puck.
10:04 of 3rd period - Backhand shot by Brandon Prust.
10:04 of 3rd period - Shot Misses the Net.
10:35 of 3rd period - Kyle Turris is hit by Pierre-Cédric Labrie and loses puck.
10:40 of 3rd period - Slapshot by Stefan Matteau.
10:40 of 3rd period - Deflect By Daniel Zaar.
10:40 of 3rd period - Shot Misses the Net.
10:40 of 3rd period - Puck is out of play.
10:41 of 3rd period - Zach Boychuk wins face-off versus Stefan Matteau in Sewer Rats zone.
10:41 of 3rd period - Zach Boychuk is hit by Pavel Valentenko.
10:49 of 3rd period - Slapshot by Jared Boll.
10:49 of 3rd period - Deflect By Zach Boychuk.
10:49 of 3rd period - Stopped by Eddie Lack without a rebound.
10:50 of 3rd period - Jonathan Marchessault wins face-off versus Tyler Bozak in Diables zone.
11:22 of 3rd period - Slapshot by Ville Leino.
11:22 of 3rd period - Stopped by Eddie Lack with a rebound.
11:46 of 3rd period - Slapshot by Nick Cousins.
11:46 of 3rd period - Stopped by Eddie Lack without a rebound.
11:47 of 3rd period - Tyler Bozak wins face-off versus Kyle Turris in Diables zone.
12:02 of 3rd period - Jon Merrill is hit by Matt Lashoff and loses puck.
12:13 of 3rd period - Hampus Lindholm is hit by Vincent Trocheck and loses puck.
12:18 of 3rd period - Snap shot by Jonathan Huberdeau.
12:18 of 3rd period - Stopped by Eddie Lack with a rebound.
12:20 of 3rd period - Snap shot by Martin Frk.
12:20 of 3rd period - Shot Misses the Net.
12:22 of 3rd period - Slapshot by Vincent Trocheck.
12:22 of 3rd period - Shot Blocked by Hampus Lindholm.
12:24 of 3rd period - Slapshot by Vincent Trocheck.
12:24 of 3rd period - Goal by Vincent Trocheck - Diables : 7 - Sewer Rats : 5.
12:25 of 3rd period - Kyle Turris wins face-off versus Craig Smith in neutral zone.
12:29 of 3rd period - Minor Penalty to Benn Ferriero for Hooking.
12:30 of 3rd period - Kyle Turris wins face-off versus Brandon Prust in Diables zone.
13:04 of 3rd period - Mark Fraser is hit by Zach Boychuk and loses puck.
13:20 of 3rd period - Jonathan Marchessault is hit by Jon Merrill and loses puck.
13:27 of 3rd period - Slapshot by Zach Boychuk.
13:27 of 3rd period - Shot Misses the Net.
13:29 of 3rd period - Slapshot by Joel Edmundson.
13:29 of 3rd period - Shot Blocked by Craig Smith.
13:31 of 3rd period - Slapshot by Zach Boychuk.
13:31 of 3rd period - Shot Misses the Net.
13:33 of 3rd period - Snap shot by Jonathan Marchessault.
13:33 of 3rd period - Stopped by Eddie Lack without a rebound.
13:34 of 3rd period - Craig Smith wins face-off versus Kyle Turris in Diables zone.
13:45 of 3rd period - Snap shot by Mark Mancari.
13:45 of 3rd period - Stopped by Eddie Lack with a rebound.
13:47 of 3rd period - Wrist shot by Mark Mancari.
13:47 of 3rd period - Shot Blocked by Jamie Oleksiak.
13:49 of 3rd period - Slapshot by Joel Edmundson.
13:49 of 3rd period - Stopped by Eddie Lack with a rebound.
14:29 of 3rd period - Penalty to Benn Ferriero is over, Benn Ferriero is back on ice.
15:21 of 3rd period - Jonathan Marchessault is hit by Tyler Bozak and loses puck.
16:07 of 3rd period - Snap shot by Pierre-Cédric Labrie.
16:07 of 3rd period - Stopped by Richard Bachman without a rebound.
16:08 of 3rd period - Tyler Bozak wins face-off versus Jared Boll in Sewer Rats zone.
16:33 of 3rd period - Snap shot by Kyle Turris.
16:33 of 3rd period - Shot Blocked by Craig Smith.
16:35 of 3rd period - Slapshot by John Ramage.
16:35 of 3rd period - Stopped by Eddie Lack with a rebound.
16:37 of 3rd period - Slapshot by Joel Edmundson.
16:37 of 3rd period - Stopped by Eddie Lack with a rebound.
16:46 of 3rd period - Off-side.
16:47 of 3rd period - Nick Cousins wins face-off versus Stefan Matteau in neutral zone.
17:37 of 3rd period - Wrist shot by Ville Leino.
17:37 of 3rd period - Stopped by Eddie Lack with a rebound.
17:39 of 3rd period - Wrist shot by Mark Mancari.
17:39 of 3rd period - Shot Misses the Net.
17:41 of 3rd period - Slapshot by Joel Edmundson.
17:41 of 3rd period - Stopped by Eddie Lack with a rebound.
17:43 of 3rd period - Slapshot by Kyle Turris.
17:43 of 3rd period - Stopped by Eddie Lack without a rebound.
17:44 of 3rd period - Tim Schaller wins face-off versus Nick Cousins in Diables zone.
17:53 of 3rd period - Snap shot by Jordan Szwarz.
17:53 of 3rd period - Deflect By Dmitrij Jaskin.
17:53 of 3rd period - Stopped by Richard Bachman with a rebound.
17:59 of 3rd period - Daniel Carr is hit by Jordan Szwarz and loses puck.
18:28 of 3rd period - John Ramage is hit by Alexandre Burrows and loses puck.
18:53 of 3rd period - Wrist shot by Mark Mancari.
18:53 of 3rd period - Stopped by Eddie Lack with a rebound.
18:55 of 3rd period - Snap shot by Ville Leino.
18:55 of 3rd period - Stopped by Eddie Lack without a rebound.
18:56 of 3rd period - Alexandre Burrows wins face-off versus Kyle Turris in Diables zone.
19:15 of 3rd period - Slapshot by Jarred Tinordi.
19:15 of 3rd period - Stopped by Eddie Lack with a rebound.
Goals for this period are 1 for Diables vs 1 for Sewer Rats.
Shots for this period are 5 for Diables vs 17 for Sewer Rats.
0:00 - Minor Penalty to Stefan Matteau for Holding.
Back to the Top